 Dungeon Crawl Stone Soup version bcrawl-1.12-8-g964540c432 (webtiles) character file.

Game seed: 9286828115751154250

70 MisterOstroum the Skirmisher (level 4, -1/38 HPs)
             Began as a Demonspawn Archaeologist on June 3, 2019.
             Killed by divine providence
             ... invoked by an orc priest
              (12 damage)
             ... on level 3 of the Dungeon.
             The game lasted 00:06:55 (2513 turns).

MisterOstroum the Skirmisher (DsAc)                 Turns: 2513, Time: 00:06:55

Health: -1/38      AC: 12    Str: 13    XL:     4   Next: 3%
Magic:  4/4        EV: 11    Int: 15    God:
Gold:   103        SH:  0    Dex: 11    Spells: 3/3 levels left

rFire    . . .     SeeInvis .   k - +0 whip
rCold    . . .     Gourm    .   (no shield)
rNeg     . . .     Faith    .   p - +0 ring mail
rPois    .         Spirit   .   b - +1 hat
rElec    .         Reflect  .   (no cloak)
rCorr    .         Harm     .   d - +1 pair of gloves
MR       .....                  c - +1 pair of boots
Stlth    +.........             (no amulet)
HPRegen  0.12/turn              (no ring)
MPRegen  0.09/turn              (no ring)

@: studying Fighting
A: hooves 1, slimy green scales 1, rot immunity
a: no special abilities


You were on level 3 of the Dungeon.
You were not hungry.

You visited 1 branch of the dungeon, and saw 3 of its levels.

You collected 103 gold pieces.

Inventory:

Hand Weapons
 h - a +0 club
 k - a +0 whip (weapon)
 m - a +0 hunting sling
Missiles
 i - 878 stones (quivered)
Armour
 a - a +1 robe
 b - a +1 hat (worn)
 c - a +1 pair of boots (worn)
 d - a +1 pair of gloves (worn)
 p - a +0 ring mail (worn)
Scrolls
 j - 4 scrolls of identify {unknown}
 l - 6 scrolls of teleportation {unknown}
 o - a scroll of amnesia {unknown}
 q - a scroll of enchant armour {unknown}
 r - a scroll of fear {unknown}
Potions
 n - 2 potions of mutation {unknown}
Books
 g - a manual of Fighting
Miscellaneous
 f - an ancient crate
Comestibles
 e - 4 rations {!d}


   Skills:
 + Level 4.7 Fighting
 - Level 2.6 Dodging
 - Level 3.0 Stealth


You had 3 spell levels left.
You didn't know any spells.
Your spell library was empty.

Dungeon Overview and Level Annotations

Branches:
Dungeon (3/12)

Altars:

Annotations:
D:2 Sigmund


Innate Abilities, Weirdness & Mutations

You have large cloven feet.
You are partially covered in slimy green scales. (AC +2)
You are immune to rotting.


Message History

You barely miss the kobold.
A leopard gecko comes into view.
The kobold hits you but does no damage.
You hit the kobold.
The kobold is severely wounded.
The kobold barely misses you.
You hit the kobold.
You kill the kobold!
An orc priest comes into view.
The leopard gecko bites you but does no damage.
You hit the leopard gecko but do no damage.
The leopard gecko barely misses you.
You hit the leopard gecko but do no damage.
The leopard gecko misses you.
The orc priest invokes the aid of Beogh against you.
Beogh smites you!
You are too injured to fight recklessly!
The leopard gecko bites you but does no damage.
You climb upwards.
Level annotation: Sigmund
There is a stone staircase leading down here.
You miss the leopard gecko. The leopard gecko bites you.
The leopard gecko bites you but does no damage.
You hit the leopard gecko.
The leopard gecko is heavily wounded.
The leopard gecko closely misses you.
You miss the leopard gecko.
The leopard gecko is heavily wounded.
The leopard gecko barely misses you. The kobold hits you but does no damage.
You closely miss the leopard gecko.
The leopard gecko is heavily wounded.
The leopard gecko barely misses you. The kobold barely misses you.
The leopard gecko bites you but does no damage.
You barely miss the leopard gecko.
The leopard gecko is heavily wounded.
The leopard gecko barely misses you. The kobold misses you.
You miss the leopard gecko.
The leopard gecko is heavily wounded.
The leopard gecko bites you but does no damage.
The kobold hits you but does no damage.
You hit the leopard gecko.
You kill the leopard gecko!
You have reached level 4!
You feel stronger.
Your demonic ancestry asserts itself...
Your feet thicken and deform.
The kobold closely misses you.
You hit the kobold.
The kobold is severely wounded.
The kobold closely misses you.
You hit the kobold.
You kill the kobold!
You start resting.
Eating one of 2 chunks of flesh.
You eat one of the 2 chunks of flesh.
This raw flesh tastes terrible.
All of the chunks of flesh in your inventory have rotted away.
HP restored.
You climb downwards.
The orc priest mumbles some strange prayers to Beogh against you.
You barely resist.
There is a stone staircase leading up here.
Things that are here:
a +0 short sword; a kobold corpse You closely miss the orc priest.
The orc priest misses you.
You closely miss the orc priest.
The orc priest invokes the aid of Beogh against you.
Pain shoots through your body!
You hit the orc priest.
The orc priest is lightly wounded.
The orc priest hits you but does no damage.
You closely miss the orc priest.
The orc priest is lightly wounded.
The orc priest hits you but does no damage.
You hit the orc priest.
The orc priest is moderately wounded.
The orc priest barely misses you.
You hit the orc priest.
The orc priest is heavily wounded.
The orc priest hits you but does no damage.
You closely miss the orc priest.
The orc priest is heavily wounded.
The orc priest hits you but does no damage.
You hit the orc priest but do no damage.
The orc priest is heavily wounded.
The orc priest hits you but does no damage.
You closely miss the orc priest.
The orc priest is heavily wounded.
The orc priest hits you but does no damage.
An orc priest comes into view. It is wielding a +0 hand axe.
Your ring mail prevents you from hitting the orc priest.
The orc priest is heavily wounded.
The orc priest shouts!
You hear a shout!
The orc priest hits you but does no damage. x2
You hear a shout!
You hit the orc priest but do no damage.
The orc priest is heavily wounded.
The orc priest mumbles some strange prayers to Beogh against you.
Beogh smites you!
* * * LOW HITPOINT WARNING * * *
The orc priest calls down the wrath of Beogh upon you.
Beogh smites you!
You die...

## ## ##. ..
#.. .## #..
.!.
#..###.#####
#.......)..#
#o@o.#
######


You could see 2 orc priests.

Vanquished Creatures
  An adder (D:2)
  A worm (D:2)
  A dart slug (D:2)
  2 leopard geckos
  3 orcs
  A giant cockroach (D:1)
  8 hobgoblins
  2 jackals (D:2)
  9 kobolds
  2 bats (D:1)
  4 frilled lizards
  8 goblins
  6 rats
48 creatures vanquished.

Notes
Turn   | Place    | Note
-------+----------+-------------------------------------------
     0 | D:1      | MisterOstroum the Demonspawn Archaeologist began the quest
                  | for the Orb.
     0 | D:1      | Reached XP level 1. HP: 15/15 MP: 1/1
   322 | D:1      | Reached skill level 2 in Fighting
   323 | D:1      | Gained mutation: You are immune to rotting. [demonic
                  | ancestry]
   323 | D:1      | Reached XP level 2. HP: 21/22 MP: 2/2
   906 | D:2      | Reached skill level 3 in Fighting
   906 | D:2      | Gained mutation: You are partially covered in slimy green
                  | scales. (AC +2) [demonic ancestry]
   906 | D:2      | Reached XP level 3. HP: 29/29 MP: 3/3
  1371 | D:2      | Reached skill level 4 in Fighting
  1606 | D:2      | Noticed Sigmund
  1778 | D:2      | Found a faded altar of an unknown god.
  2351 | D:2      | Gained mutation: You have large cloven feet. [demonic
                  | ancestry]
  2351 | D:2      | Reached XP level 4. HP: 20/38 MP: 4/4
  2513 | D:3      | Killed from afar by an orc priest

Skill      XL: |  1  2  3 |
---------------+----------+-----
Fighting       | 2 3 4 |  4.7
Dodging        | |  2.6
Stealth        | |  3.0

Action                   |  1- 3 |  4- 6 || total
-------------------------+-------+-------++-------
Melee: Unarmed           |    20 |       ||    20
       Club              |    19 |       ||    19
       Whip              |   151 |    13 ||   164
Throw: Stone             |    80 |       ||    80
 Stab: Sleeping          |     2 |       ||     2
  Eat: Chunk             |     4 |     1 ||     5
Armor: Robe              |    41 |       ||    41
       Ring mail         |    47 |     8 ||    55
Dodge: Dodged            |   159 |     4 ||   163
